Map: Deathaura LE

Players

A.I. 1 (Very Hard)

  • Race: Zerg Zerg
  • Spawn Location: 11:00

jheffe - Winner!

  • Race: Terran Terran
  • League: Grandmaster
  • Spawn Location: 5:00

VOD

Have the link to the VOD?

Description

Time

  • Played on: Feb. 21, 2021, 6:31 p.m.
  • Length: 9:12
Show
View Real Time Build Order
Export as new Build Order

A.I. 1 (Very Hard) Zerg 

Build Orders: Hatch First 

Get SALT Encoding   

  12  0:00  Drone  
  13  0:12  Overlord  
  13  0:16  Drone  
  14  0:31  Drone x2  
  14  0:34  Drone  
  17  0:52  Hatchery  
  17  0:56  Drone  
  17  1:12  Spawning Pool  
  17  1:14  Extractor  
  17  1:16  Drone  
  16  1:20  Drone  
  16  1:24  Drone  
  18  1:28  Drone  
  19  1:38  Overlord  
  19  1:49  Drone  
  20  2:00  Queen, Zergling x2  
  23  2:04  Drone  
  24  2:15  Queen  
  24  2:19  Drone  
  27  2:24  Drone  
  27  2:34  Roach Warren  
  27  2:36  Zergling x2  
  26  2:39  Drone  
  26  2:43  Extractor  
  26  2:44  Drone  
  26  2:48  Drone  
  27  2:53  Overlord  
  27  2:58  Drone  
  28  3:01  Drone  
  28  3:04  Drone  
  30  3:07  Zergling x2  
  30  3:11  Drone  
  31  3:14  Drone  
  31  3:17  Zergling x2  
  33  3:21  Zergling x2  
  33  3:25  Roach  
  36  3:30  Roach  
  38  3:34  Roach  
  38  3:38  Roach  
  38  3:40  Drone  
  42  3:43  Zergling x2  
  42  3:47  Drone  
  44  3:51  Overlord  
  44  3:54  Zergling x2  
  43  4:04  Lair  
  43  4:09  Zergling x2, Drone  
  45  4:11  Drone  
  45  4:14  Drone  
  45  4:17  Drone  
  47  4:19  Drone  
  47  4:21  Drone  
  47  4:24  Drone  
  50  4:26  Drone  
  51  4:33  Overlord  
  51  4:35  Drone  
  52  4:46  Spore Crawler, Drone  
  52  4:47  Spore Crawler, Drone  
  52  4:51  Drone x3  
  55  4:57  Zergling x2, Drone x2  
  54  5:06  Queen  
  54  5:10  Drone  
  53  5:14  Drone  
  53  5:19  Zergling x2  
  52  5:21  Drone  
  52  5:26  Drone  
  52  5:30  Drone  
  52  5:34  Drone  
  51  5:39  Drone  
  50  5:43  Drone  
  50  5:47  Drone  
  49  5:52  Drone  
  44  6:05  Queen  
  44  6:10  Drone  
  46  6:14  Drone  
  46  6:17  Drone  
  46  6:22  Drone  
  45  6:26  Drone  
  45  6:37  Hydralisk Den  
  40  6:49  Drone  
  40  6:53  Drone  
  42  6:58  Drone  
  44  7:01  Drone  
  44  7:04  Drone  
  44  7:08  Hydralisk, Drone  
  40  7:16  Zergling x2  
  40  7:17  Zergling x2  
  30  7:25  Roach  
  29  7:32  Roach  
  28  7:38  Zergling x2  
  21  8:16  Hatchery  
Show
View Real Time Build Order
Export as new Build Order

jheffe Terran - Winner!

Build Orders: Liberator Opening, Reaper Expand 

Get SALT Encoding   

  12  0:00  SCV  
  13  0:12  SCV  
  14  0:17  Supply Depot  
  14  0:24  SCV  
  15  0:38  SCV  
  15  0:40  Barracks  
  16  0:43  Refinery  
  16  0:50  SCV  
  17  1:02  SCV  
  18  1:15  SCV  
  19  1:27  Reaper  
  19  1:28  Orbital Command  
  20  1:38  Command Center  
  20  1:45  Supply Depot  
  20  1:53  SCV  
  21  1:59  Marine  
  22  2:05  SCV  
  22  2:08  Factory  
  23  2:13  Refinery  
  23  2:17  SCV  
  25  2:23  Barracks Reactor  
  25  2:30  SCV  
  25  2:42  SCV  
  26  2:50  Orbital Command  
  26  2:53  Starport  
  26  2:54  SCV  
  27  3:04  Hellion x2  
  31  3:08  Marine  
  32  3:17  SCV x2  
  32  3:18  Supply Depot  
  34  3:25  Hellion  
  34  3:26  Hellion  
  38  3:28  Liberator  
  38  3:29  Barracks Tech Lab  
  38  3:30  SCV  
  38  3:32  SCV  
  43  3:42  SCV  
  43  3:45  Supply Depot  
  43  3:46  SCV  
  43  3:48  Hellion x2  
  49  3:53  Stimpack  
  49  3:54  SCV  
  50  3:57  Marine  
  50  3:58  SCV  
  52  4:07  SCV  
  52  4:09  Command Center  
  53  4:13  SCV  
  53  4:14  Starport Reactor  
  54  4:19  SCV  
  54  4:21  Barracks  
  55  4:25  Barracks, SCV  
  55  4:27  Factory Tech Lab  
  55  4:31  SCV  
  57  4:37  SCV  
  58  4:38  Engineering Bay  
  58  4:39  Engineering Bay  
  58  4:43  SCV  
  58  4:44  Supply Depot  
  59  4:49  SCV  
  59  4:50  Refinery  
  60  4:55  SCV  
  61  5:01  SCV  
  61  5:02  Starport Reactor  
  61  5:05  Siege Tank, Terran Infantry Weapons Level 1  
  61  5:06  Refinery, Terran Infantry Armor Level 1  
  65  5:07  SCV  
  65  5:13  SCV  
  67  5:19  SCV, Marine x3  
  67  5:20  Marine  
  67  5:21  Marine  
  71  5:22  Orbital Command  
  71  5:27  Supply Depot, SCV  
  72  5:33  Combat Shield  
  72  5:37  Marine x4  
  72  5:38  SCV, Marine  
  72  5:39  SCV  
  72  5:40  Siege Tank  
  82  5:44  Orbital Command  
  82  5:51  Medivac x2  
  82  5:52  SCV  
  82  5:54  Supply Depot  
  82  5:55  Supply Depot  
  87  5:57  SCV  
  87  5:59  Marine x3  
  87  6:00  Marine  
  87  6:04  Marine  
  93  6:14  Supply Depot  
  93  6:15  Armory  
  93  6:16  SCV x3, Siege Tank  
  93  6:17  Marine  
  100  6:22  Marine  
  100  6:23  Marine x3  
  104  6:28  SCV x3  
  107  6:33  Barracks  
  107  6:37  Barracks  
  107  6:38  Supply Depot  
  107  6:39  Supply Depot  
  107  6:40  SCV x2, Supply Depot, Marine x2  
  107  6:43  SCV  
  107  6:46  Refinery  
  112  6:47  Refinery, Marine x2  
  112  6:52  SCV  
  112  6:53  SCV  
  112  6:54  Marine  
  117  7:00  SCV  
  118  7:04  Medivac x2  
  118  7:05  SCV  
  118  7:07  SCV  
  124  7:12  SCV, Marine  
  124  7:13  Marine x3  
  129  7:17  SCV  
  129  7:19  SCV  
  129  7:22  Marine  
  131  7:24  SCV, Siege Tank  
  136  7:30  SCV, Marine  
  136  7:33  SCV  
  136  7:35  Barracks Reactor  
  136  7:36  Barracks Reactor  
  138  7:37  Supply Depot x2  
  138  7:45  SCV  
  138  7:49  Supply Depot  
  138  7:50  Supply Depot, Marine x2  
  141  7:54  Concussive Shells  
  141  7:55  Command Center  
  141  7:58  Medivac x2, SCV, Marine x3  
  141  7:59  Factory  
  141  8:03  Factory Reactor  
  141  8:05  Supply Depot  
  149  8:06  Supply Depot  
  149  8:07  Marine  
  149  8:08  Marine  
  151  8:13  SCV  
  151  8:15  Marine x2  
  151  8:16  Marine x2  
  151  8:17  Marine x3  
  159  8:25  Barracks x2, Marine  
  159  8:26  Barracks, Marine  
  161  8:29  Medivac x2  
  161  8:33  Marine  
  166  8:37  Marine x6  
  172  8:43  Marine  
  172  8:44  Marine  
  172  8:45  Widow Mine x2  
  184  8:50  Marine  
  184  8:55  Missile Turret  
  185  8:56  Missile Turret  
  185  8:58  Missile Turret  
  185  9:05  Missile Turret  
Tags
 
Add a new tag
Caveats
  • Supply blocks, unpowered buildings, or Contaminate may cause inaccurate times.
  • Supply counts are checked every 10 seconds.